 Dungeon Crawl Stone Soup version 0.29-a0-397-g846e4a0bbc (webtiles) character file.

Game seed: 328009926182684510

6198 sammy202020 the Fighter (level 10, -1/94 HPs)
             Began as a Minotaur Fighter on May 11, 2022.
             Slain by a wyvern (12 damage)
             ... on level 9 of the Dungeon.
             The game lasted 00:09:25 (8264 turns).

sammy202020 the Fighter (Minotaur Fighter)          Turns: 8264, Time: 00:09:26

Health: -1/94      AC: 15    Str: 21    XL:     10   Next: 61%
Magic:  8/8        EV: 12    Int:  9    God:
Gold:   524        SH:  5    Dex: 10    Spells: 9/9 levels left

rFire   . . .      SeeInvis .   a - +1 war axe
rCold   + . .      Faith    .   c - +0 buckler
rNeg    . . .      Spirit   .   r - +2 plate armour
rPois   .          Reflect  .   (helmet restricted)
rElec   .          Harm     .   (no cloak)
rCorr   .          Rampage  .   (no gloves)
Will    .....                   (no boots)
Stlth   ..........              (no amulet)
HPRegen 0.25/turn               i - ring of protection from cold
MPRegen 0.11/turn               t - +4 ring of evasion

@: no status effects
A: horns 2, retaliatory headbutt, talons 1, low MP 1
a: no special abilities


You were on level 9 of the Dungeon.
You visited 1 branch of the dungeon, and saw 9 of its levels.
You also visited: Ossuary.

You collected 524 gold pieces.

Inventory:

Hand Weapons
 a - a +1 war axe (weapon)
 b - a +0 flail
 E - a +0 flail
Missiles
 l - 4 javelins (quivered)
 n - 12 boomerangs
Armour
 c - a +0 buckler (worn)
 r - a +2 plate armour (worn)
Jewellery
 i - a ring of protection from cold (left hand)
 k - a ring of flight
 t - a +4 ring of evasion (right hand)
 u - an amulet of magic regeneration
Wands
 g - a wand of flame (25)
 h - a wand of polymorph (9)
 s - a wand of charming (13)
 D - a wand of mindburst (7)
Scrolls
 p - a scroll of fog
 w - 2 scrolls of teleportation
 y - a scroll of poison
 z - 3 scrolls of torment
 A - 3 scrolls of fear
 B - 3 scrolls of identify
Potions
 d - 3 potions of might
 e - 2 potions of flight
 f - 2 potions of mutation
 j - 2 potions of magic
 m - 4 potions of heal wounds
 o - a potion of lignification
 q - a potion of ambrosia
 v - 2 potions of attraction
 x - 4 potions of curing


   Skills:
 * Level 10.9 Fighting
 * Level 10.5 Axes
 + Level 8.2 Armour
 + Level 6.5 Dodging
 + Level 8.3 Shields


You had 9 spell levels left.
You didn't know any spells.
Your spell library contained the following spells:

 Spells                   Type           Power      Damage    Failure   Level
 Beastly Appendage        Tmut           0%         N/A       100%        1
 Magic Dart               Conj           0%         1d3       100%        1
 Call Imp                 Summ           0%         N/A       100%        2
 Wereblood                Tmut           0%         N/A       100%        2
 Dazzling Flash           Conj/Hex       0%         N/A       100%        3
 Mephitic Cloud           Conj/Pois/Air  0%         N/A       100%        3
 Spider Form              Tmut/Pois      0%         N/A       100%        3
 Summon Guardian Golem    Hex/Summ       0%         N/A       100%        3
 Tukima's Dance           Hex            0%         N/A       100%        3
 Iskenderun's Mystic Bla  Conj/Tloc      0%         2d3       100%        4
 Passage of Golubria      Tloc           0%         N/A       100%        4
 Yara's Violent Unravell  Hex/Tmut       0%         3d3       100%        5
 Conjure Ball Lightning   Conj/Air       0%         3x3d6     100%        6
 Dispersal                Tloc           0%         N/A       100%        6
 Starburst                Conj/Fire      0%         6d3       100%        6
 Orb of Destruction       Conj           0%         9d5       100%        7
 Spellforged Servitor     Conj/Summ      0%         N/A       100%        7
 Discord                  Hex            0%         N/A       100%        8
 Disjunction              Tloc           0%         N/A       100%        8


Dungeon Overview and Level Annotations

Branches:
Dungeon (9/15)             Temple (0/1) D:5         Ossuary (visited)
   Lair: D:8-11         Orc: D:9-12

Altars:
Cheibriados
Uskayaw
Xom
Yredelemnul
The Shining One

Annotations:
D:7 1 runed translucent door


Innate Abilities, Weirdness & Mutations

You have a pair of horns on your head.
You reflexively headbutt those who attack you in melee.
You have sharp toenails.
Your magical capacity is low. (-10% MP)


Message History

The two-headed ogre is moderately wounded.
You closely miss the wyvern.
A nearby plant withers and dies.
You block the wyvern's attack.
The centaur shoots an arrow.
The arrow hits you. You block the two-headed ogre's attack.
The two-headed ogre misses you. The wyvern barely misses you.
You slash the two-headed ogre!
You claw the two-headed ogre, but do no damage.
The two-headed ogre is severely wounded.
You hit the wyvern. You slash the centaur!
The wyvern bites you but does no damage.
The centaur unwields a +0 shortbow.
The centaur hits you but does no damage.
You block the centaur's attack. The orc warrior barely misses you.
The two-headed ogre closely misses you.
The two-headed ogre hits you with a +0 giant club!
You hit the two-headed ogre.
You claw the two-headed ogre, but do no damage.
You headbutt the two-headed ogre.
The two-headed ogre is severely wounded.
You slash the wyvern! You closely miss the centaur.
You block the wyvern's attack.
The centaur hits you but does no damage.
The centaur kicks you but does no damage.
The wyvern barely misses you.
The orc warrior hits you from afar with a +0 trident.
The yak gores the plant!
The plant begins to die.
You closely miss the two-headed ogre. You claw the two-headed ogre.
The two-headed ogre is severely wounded.
You barely miss the centaur. You barely miss the wyvern.
The centaur misses you. The centaur closely misses you.
The wyvern barely misses you. You furiously retaliate!
You headbutt the wyvern, but do no damage.
The two-headed ogre hits you with a +0 giant club!
The two-headed ogre hits you with a +0 giant club!!
* * * LOW HITPOINT WARNING * * *
The orc warrior hits you from afar with a +0 trident!
* * * LOW HITPOINT WARNING * * *
The centaur barely misses you. You block the centaur's attack.
The yak gores the plant!
The wyvern bites you!
You die...

##.# .P..#)..#
≈.≈.♣...#.##
≈≈♣≈≈♣...#.##
≈≈≈≈.≈♣.....##
≈≈≈♣≈≈.....#.##
.≈≈.≈YP.....#.##
≈≈.≈≈Plc...#...##
.P..PoO@....#.#.##
.......!....#....##
...#..............##
. #...............#
###.............#
####8........<#
#..........#
.#..........#
.#..........#


You could see a two-headed ogre, a yak, an orc warrior, a wyvern and a centaur.

Vanquished Creatures
  The ghost of BubbleThief the Fighter, a novice PaFi of the Shining One (D:8)
  Pikel (D:6)
  The ghost of Darius099 the Ruffian, an amateur TrBe of Trog (D:4)
  Sigmund (D:6)
  6 yaks (D:8)
  A wraith (Ossuary)
  A steam dragon (D:8)
  A water moccasin (D:5)
  An ice beast (D:6)
  A sky beast (D:8)
  A black bear (D:8)
  6 ogres
  6 centaurs
  2 kobold brigands
  A phantom (D:5)
  A gnoll sergeant (D:4)
  8 bullfrogs
  4 scorpions
  4 wights (D:6)
  A howler monkey (D:8)
  5 jellies
  9 hounds
  2 orc priests (D:6)
  4 iguanas
  3 orc wizards
  A mummy (Ossuary)
  17 gnolls
  6 adders
  A shadow imp (D:6)
  3 ufetubi
  A worm (D:2)
  2 dart slugs
  19 orcs
  8 ball pythons
  6 endoplasms
  2 giant cockroaches
  13 goblins
  11 hobgoblins
  4 jackals
  4 quokkas
  5 bats
  5 frilled lizards
  9 gnoll skeletons (Ossuary)
  A goblin zombie (D:6)
  19 kobolds
  7 kobold skeletons (Ossuary)
  A kobold zombie (D:7)
  9 orc skeletons (Ossuary)
  A quokka zombie (D:6)
  6 rats
233 creatures vanquished.

Vanquished Creatures (others)
  28 plants
28 creatures vanquished.

Grand Total: 261 creatures vanquished

Notes
Turn   | Place    | Note
-------+----------+-------------------------------------------
     0 | D:1      | sammy202020 the Minotaur Fighter began the quest for the
                  | Orb.
     0 | D:1      | Reached XP level 1. HP: 19/19 MP: 0/0
     2 | D:1      | Noticed a vampire
     2 | D:1      | Noticed a demonspawn
     4 | D:1      | Noticed a vine stalker
     4 | D:1      | Noticed a draconian
     8 | D:1      | Noticed a merfolk
     8 | D:1      | Noticed a spriggan
    10 | D:1      | Noticed a dwarf
    12 | D:1      | Noticed a demigod
    12 | D:1      | Noticed a gargoyle
    14 | D:1      | Noticed a formicid
    14 | D:1      | Noticed an elf
    16 | D:1      | Noticed a human
    16 | D:1      | Noticed a troll
    18 | D:1      | Noticed a tengu
    20 | D:1      | Noticed an ogre
    20 | D:1      | Noticed a felid
    22 | D:1      | Noticed a ghoul
    22 | D:1      | Noticed a minotaur
    24 | D:1      | Noticed an octopode
    26 | D:1      | Noticed a naga
   164 | D:1      | Reached XP level 2. HP: 27/27 MP: 1/1
   632 | D:1      | Reached XP level 3. HP: 33/33 MP: 2/2
  1097 | D:2      | Reached skill level 1 in Dodging
  1560 | D:2      | Reached XP level 4. HP: 39/41 MP: 3/3
  1809 | D:3      | Noticed an ogre
  1813 | D:3      | Killed an ogre
  1814 | D:3      | Reached XP level 5. HP: 29/47 MP: 4/4
  2038 | D:3      | Reached skill level 5 in Fighting
  2277 | D:3      | You are sucked into a shaft and drop 1 floor!
  2314 | D:4      | Found a runed translucent door.
  2314 | D:4      | Noticed Darius099's ghost (amateur TrBe)
  2370 | D:4      | Noticed a centaur
  2376 | D:4      | Killed a centaur
  2377 | D:4      | Reached XP level 6. HP: 45/56 MP: 5/5
  2754 | D:4      | Reached skill level 5 in Axes
  3040 | D:4      | Reached skill level 5 in Shields
  3094 | D:4      | Reached XP level 7. HP: 60/63 MP: 6/6
  3120 | D:4      | Found a shimmering altar of Xom.
  3176 | D:4      | Found a snail-covered altar of Cheibriados.
  3464 | D:4      | Reached skill level 5 in Armour
  3623 | D:4      | Killed Darius099's ghost
  3981 | D:5      | Entered Level 5 of the Dungeon
  4225 | D:5      | Found a staircase to the Ecumenical Temple.
  4280 | D:5      | Reached XP level 8. HP: 59/73 MP: 7/7
  4347 | D:5      | Found a glowing golden altar of the Shining One.
  4793 | D:6      | Noticed Pikel
  4805 | D:6      | Killed Pikel
  5150 | D:6      | Found a sand-covered staircase.
  5159 | Ossuary  | Entered an ossuary
  5249 | Ossuary  | Reached XP level 9. HP: 48/82 MP: 8/8
  5456 | Ossuary  | Gained mutation: You have sharp toenails. [potion of
                  | mutation]
  5456 | Ossuary  | Gained mutation: Your magical capacity is low. (-10% MP)
                  | [potion of mutation]
  5637 | D:6      | Noticed Sigmund
  5646 | D:6      | Killed Sigmund
  5965 | D:6      | Reached skill level 5 in Dodging
  6364 | D:7      | Found a runed translucent door.
  6369 | D:7      | Found a basalt altar of Yredelemnul.
  6972 | D:8      | Reached XP level 10. HP: 67/93 MP: 8/8
  6977 | D:8      | Reached skill level 10 in Fighting
  7283 | D:8      | Found a runed translucent gate.
  7284 | D:8      | Found a runed translucent gate.
  7284 | D:8      | Found a runed translucent gate.
  7298 | D:8      | Noticed BubbleThief's ghost (novice PaFi)
  7338 | D:8      | Killed BubbleThief's ghost
  7339 | D:8      | Reached skill level 10 in Axes
  7643 | D:8      | Found a hide-covered altar of Uskayaw.
  8255 | D:9      | Noticed a two-headed ogre
  8264 | D:9      | Slain by a wyvern

Illustrated notes

Levels and vault maps discovered:
D:1:      kb_arrival_jail, layout_basic, moated_statue, minmay_hexomino_p4
D:2:      layout_loops_cross
D:3:      layout_rooms, lemuel_coloured_pillars_altar,
          chequers_temple_overflow_minitemple, serial_glass, glass_columns_b,
          glass_columns_a, glass_columns_c, glass_columns_a, glass_columns_b,
          glass_columns_c, glass_columns_a, glass_columns_c,
          shapermc_ecumenical_altar_rom_forum, chequers_serial_rivers_large_a
D:4:      cheibrodos_greedy_goblins, layout_loops_corners,
          kennysheep_slug_shrine, mainiacjoe_overflow_six_doors_small,
          gammafunk_ghost_grave
D:5:      layout_basic, marbit_many_paths, minmay_temple_entry_purple_smoke
D:6:      layout_basic, enter_ossuary_4, uniq_pikel, uniq_sigmund
D:7:      layout_basic, dk_yredelemnul_ordeal, kennysheep_generic_room_3
D:8:      kennysheep_housing_project, layout_basic, lemuel_crystal_altar,
          ebering_ghost_rock_garden, enter_bailey_5
D:9:      layout_big_octagon, biasface_ghost_orc_armoury, serial_bayou,
          serial_bayou_lake_a, serial_bayou_pond_b, serial_bayou_ford_a,
          serial_bayou_pond_c

Skill      XL: |  1  2  3  4  5  6  7  8  9 10 |
---------------+-------------------------------+-----
Fighting       | 4 5 6 7 8 9 10 | 10.9
Axes           | 3 4 5 6 7 9 10 | 10.5
Dodging        | 1 2 3 4 5 6 |  6.5
Shields        | 4 5 6 7 8 |  8.3
Armour         | 4 5 6 7 8 |  8.2

Action                   |  1- 3 |  4- 6 |  7- 9 | 10-12 || total
-------------------------+-------+-------+-------+-------++-------
Melee: War axe           |    78 |    79 |   251 |   106 ||   514
       Headbutt          |     9 |    21 |    49 |    23 ||   102
       Kick              |       |       |    40 |    38 ||    78
  Use: Scroll            |     5 |     4 |    11 |     1 ||    21
       Potion            |       |     1 |     2 |     1 ||     4
Armor: Scale mail        |    35 |    43 |       |       ||    78
       Plate armour      |       |    15 |   119 |    53 ||   187
Dodge: Dodged            |    29 |    32 |   117 |    62 ||   240
Block: Buckler           |    16 |    16 |    51 |    32 ||   115

Table legend: (Time is in decaauts)
 A = Elapsed time spent in this place.
 B = Non-inter-level travel time spent in this place.
 C = Inter-level travel time spent in this place.
 D = Time resting spent in this place.
 E = Time spent auto-exploring this place.
 F = Levels seen in this place.
 G = Mean time per level.
                   A        B        C        D        E       F      G
               +--------+--------+--------+--------+--------+-----+--------+
         Total |   8384 |   8296 |     88 |     39 |   6762 |  10 |  838.4 |
       Dungeon |   8046 |   7958 |     88 |     39 |   6546 |   9 |  894.0 |
       Ossuary |    338 |    338 |      0 |      0 |    216 |   1 |  338.0 |
               +--------+--------+--------+--------+--------+-----+--------+

Top non-repeatable levels by time:
     D:4: 1730 daAuts
     D:8: 1327 daAuts
     D:6: 1218 daAuts
     D:1: 1007 daAuts
     D:5: 774 daAuts
     D:2: 747 daAuts
     D:7: 653 daAuts
     D:3: 566 daAuts
 Ossuary: 338 daAuts
     D:9: 21 daAuts
